 Dungeon Crawl Stone Soup version 0.21.0-25-ge575cb9 (webtiles) character file.

41 ScottishVillain the Ducker (level 3, -3/26 HPs)
             Began as a Demonspawn Wanderer on Jan 26, 2018.
             Was an Initiate of Yredelemnul.
             Slain by an ogre
             ... wielding a +0 giant spiked club
              (17 damage)
             ... on level 2 of the Dungeon.
             The game lasted 00:12:45 (2568 turns).

ScottishVillain the Ducker (Demonspawn Wanderer)    Turns: 2568, Time: 00:12:46

Health: -3/26      AC:  6    Str:  9 (11) XL:     3   Next: 32%
Magic:  3/3        EV: 11    Int: 11 (14) God:    Yredelemnul [......]
Gold:   83         SH:  0    Dex: 12 (13) Spells: 2/2 levels left

rFire    . . .     SeeInvis .   c - +0 falchion
rCold    . . .     Gourm    .   (no shield)
rNeg     . . .     Faith    .   l - +1 ring mail
rPois    .         Spirit   .   (helmet restricted)
rElec    .         Reflect  .   (no cloak)
rCorr    .         Harm     .   (no gloves)
MR       .....                  (no boots)
Stlth    +.........             (no amulet)
HPRegen  0.08/turn              (no ring)
MPRegen  0.08/turn              (no ring)

@: no status effects
A: antennae 2
a: Renounce Religion


You were on level 2 of the Dungeon.
You worshipped Yredelemnul.
Yredelemnul was noncommittal.
You were not hungry.

You visited 1 branch of the dungeon, and saw 2 of its levels.

You collected 83 gold pieces.

Inventory:

Hand Weapons
 a - a +2 dagger
 c - a +0 falchion (weapon)
Armour
 e - a +0 robe
 g - a +0 leather armour
 l - a +1 ring mail (worn)
Scrolls
 b - 2 scrolls of blinking
 d - a scroll of teleportation
 j - 2 scrolls of remove curse
Potions
 f - a potion of flight
 m - 3 potions of curing
Comestibles
 h - 3 chunks of flesh


   Skills:
 + Level 1.4 Fighting
 + Level 0.4(1.4) Short Blades
 + Level 2.1(2.2) Long Blades
   Level 1.0 Staves
 + Level 1.3 Throwing
 + Level 0.2 Armour
 + Level 3.2 Dodging
 + Level 1.9 Stealth


You had 2 spell levels left.
You didn't know any spells.

Dungeon Overview and Level Annotations

Branches:
Dungeon (2/15)

Altars:
Ashenzari
Trog
Yredelemnul
Zin
The Shining One


Innate Abilities, Weirdness & Mutations

You have a pair of antennae on your head.


Message History

The ogre is moderately wounded.
The ogre misses you.
You riposte.
You hit the ogre.
The ogre is heavily wounded.
You hit the ogre.
The ogre is heavily wounded.
The ogre misses you.
You barely miss the ogre.
The ogre is heavily wounded.
You closely miss the ogre.
The ogre is heavily wounded.
The ogre hits you with a giant spiked club!
You closely miss the ogre.
The ogre is heavily wounded.
The ogre closely misses you.
You hit the ogre.
The ogre is severely wounded.
The ogre hits you with a giant spiked club!
Ouch! That really hurt!
You die...
Your body rises from the dead as a mindless zombie.

....##.#...#####.##
....##.#...# #.#
....##.#...# ##.#
.....>....... ....
.#...#.#..#####..#
.#...#.#.## #..#
.......... #..#
.....#.#..#####..####
.#.. ........@O..# .#
. .#####.##### .#...
#..#####.## .....
..........#
.#.....#..#####.##
......... #.#
......#.# #.#
........# #.#
##....##.######.#


You could see an ogre.

Vanquished Creatures
  A dart slug (D:1)
  A leopard gecko (D:2)
  2 ball pythons (D:1)
  2 giant cockroaches (D:1)
  3 goblins
  8 hobgoblins
  3 jackals (D:1)
  3 kobolds
  4 bats
  3 frilled lizards
  4 rats
34 creatures vanquished.

Notes
Turn   | Place    | Note
-------+----------+-------------------------------------------
     0 | D:1      | ScottishVillain the Demonspawn Wanderer began the quest for the Orb.
     0 | D:1      | ScottishVillain set off with: a +2 dagger, a scroll of blinking, a +0 falchion, a scroll of teleportation, a +0 robe, a ration
     0 | D:1      | Reached XP level 1. HP: 15/15 MP: 1/1
   112 | D:1      | Reached skill level 3 in Dodging
   112 | D:1      | Gained mutation: You have a pair of small antennae on your head. [demonic ancestry]
   112 | D:1      | Reached XP level 2. HP: 5/21 MP: 2/2
  1002 | D:1      | You fall through a shaft!
  1038 | D:2      | Found a bloodstained altar of Trog.
  1038 | D:2      | Found a glowing golden altar of the Shining One.
  1039 | D:2      | Found a basalt altar of Yredelemnul.
  1041 | D:2      | Found a glowing silver altar of Zin.
  1046 | D:2      | Became a worshipper of Yredelemnul the Dark
  1205 | D:2      | Gained mutation: You have a pair of antennae on your head. [demonic ancestry]
  1205 | D:2      | Reached XP level 3. HP: 13/26 MP: 3/3
  2185 | D:2      | Found a shattered altar of Ashenzari.
  2427 | D:2      | Found a faded altar of an unknown god.
  2557 | D:2      | Noticed an ogre
  2568 | D:2      | Slain by an ogre

Skill      XL: |  1  2 |
---------------+-------+-----
Dodging        | 3 |  3.2
Long Blades    | 2 |  2.1
Fighting       | |  1.4
Short Blades   | |  0.4
Staves         | |  1.0
Throwing       | |  1.3
Armour         | |  0.2
Stealth        | |  1.9

Action                   || total
-------------------------++-------
Melee: Dagger            ||    44
       Falchion          ||    94
  Use: Potion            ||     4
       Scroll            ||     5
 Stab: Sleeping          ||     2
  Eat: Ration            ||     2
Armor: Skin              ||    48
       Robe              ||     3
       Leather armour    ||     6
       Ring mail         ||    10
Dodge: Dodged            ||   125
       Rpst.: Falchion   ||    24
